 Dungeon Crawl Stone Soup version 0.15.0-31-geb66e34 (webtiles) character file.

135261 MDvedh the Spry (level 17, 0/106 HPs)
             Began as a Tengu Gladiator on Sept 14, 2014.
             Was a High Priest of Okawaru.
             Slain by a merfolk
             ... wielding a +4 halberd
              (10 damage)
             ... on Level 3 of the Shoals.
             The game lasted 01:19:55 (30048 turns).

MDvedh the Spry (Tengu Gladiator)                  Turns: 30048, Time: 01:19:55

HP   0/106       AC 22     Str 15      XL: 17   Next: 19%
MP  31/31        EV 27     Int 16      God: Okawaru [*****.]
Gold 1157        SH  0     Dex 26      Spells:  1 memorised, 14 levels left

rFire  + + .     SeeInvis +     F - +5 lajatang (speed)
rCold  + . .     Clarity  .     H - +0 fire dragon armour
rNeg   . . .     rCorr    .     (no shield)
rPois  +         rRot     .     W - +2 hat of Mirth {Dex+3 Int+3}
rElec  .         Spirit   .     c - +1 cloak
SustAb .         Warding  .     N - +3 pair of gauntlets of War {Slay+5}
rMut   .         Stasis   .     (boots unavailable)
Gourm  .                        j - amulet of Wurchafa {Faith rC++ MR+ SInv}
MR     ++...                    s - ring "Dixevekk" {Dex+2 Int+3 Regen}
                                M - ring of poison resistance

@: flying quickly and evasively, very slightly contaminated, hasted and slowed,
glowing, quick, very resistant to hostile enchantments, very unstealthy
A: able to fly continuously, beak, claws 1, talons 3
a: Stop Flying, Heroism, Finesse, Renounce Religion


You were on level 3 of the Shoals.
You worshipped Okawaru.
Okawaru was extremely pleased with you.
You were completely stuffed.

You visited 5 branches of the dungeon, and saw 32 of its levels.
You also visited: Ossuary and Ice Cave.

You collected 3093 gold pieces.
You spent 1936 gold pieces at shops.

Inventory:

Hand weapons
 F - a +5 lajatang of speed (weapon)
 U - the +6 quarterstaff of the Middle {crush, rF++ Int+2 Stlth-}
   (Okawaru gifted it to you on level 4 of the Lair of Beasts)

   It inflicts extra damage upon your enemies.
   It affects your intelligence (+2).
   It greatly protects you from fire.
   It makes you less stealthy.
Armour
 c - a +1 cloak (worn)
 H - a +0 fire dragon armour (worn)
 N - the +3 pair of gauntlets of War (worn) {Slay+5}
   (You found it on level 3 of the Lair of Beasts)

   It affects your accuracy and damage with ranged weapons and melee attacks
   (+5).
 W - the +2 hat of Mirth (worn) {Dex+3 Int+3}
   (Okawaru gifted it to you on level 14 of the Dungeon)

   It affects your intelligence (+3).
   It affects your dexterity (+3).
Magical devices
 a - a wand of teleportation (7)
 r - a wand of disintegration (19)
 u - a wand of random effects (7)
 y - a wand of digging (10)
 L - a wand of heal wounds (2)
 S - a wand of paralysis (7)
 Y - a wand of disintegration (12)
Comestibles
 f - a bread ration
 k - 11 meat rations
 m - 3 royal jellies
 t - 7 slices of pizza
 z - 13 beef jerkies
 Z - 17 fruits
Scrolls
 e - 9 scrolls of teleportation
 g - 2 scrolls of blinking
 v - 5 scrolls of enchant armour
 A - 2 scrolls of recharging
 C - a scroll of enchant weapon
 D - 4 scrolls of fog
 J - 2 scrolls of identify
 K - 8 scrolls of remove curse
 Q - 4 scrolls of magic mapping
 R - a scroll of fear
Jewellery
 b - a +3 ring of slaying
 j - the amulet of Wurchafa (around neck) {Faith rC++ MR+ SInv}
   (You bought it in a shop on level 4 of the Orcish Mines)

   [amulet of faith]

   It allows you to gain divine favour quickly.
   It greatly protects you from cold.
   It affects your resistance to hostile enchantments.
   It enhances your eyesight.
 s - the ring "Dixevekk" (right hand) {Dex+2 Int+3 Regen}
   (You found it on level 5 of the Dungeon)

   [ring of regeneration]

   It affects your intelligence (+3).
   It affects your dexterity (+2).
   It increases your rate of regeneration.
 E - an uncursed ring of protection from cold
 M - a ring of poison resistance (left hand)
 O - an uncursed amulet of resist mutation
 V - the ring "Prenunt" {Ice Dex+4 Int+1}
   (You found it on level 6 of the Lair of Beasts)

   [ring of ice]

   It enhances your ice magic, and weakens your fire magic.
   It affects your intelligence (+1).
   It affects your dexterity (+4).
   It makes you vulnerable to fire.
   It protects you from cold.
Potions
 d - 2 potions of flight
 h - 3 potions of restore abilities
 i - 4 potions of haste
 l - a potion of magic
 o - a potion of cancellation
 p - 4 potions of might
 q - 5 potions of resistance
 x - 6 potions of curing
 G - 2 potions of porridge
 I - 7 potions of invisibility
 T - 3 potions of agility
Miscellaneous
 P - a lamp of fire


   Skills:
 - Level 11.9 Fighting
 - Level 14.0 Staves
 - Level 2.1 Throwing
 + Level 15.2 Armour
 + Level 15.4 Dodging
 - Level 11.3 Air Magic
 - Level 8.5 Invocations
 - Level 9.6 Evocations


You had 14 spell levels left.
You knew the following spells:

 Your Spells              Type           Power        Failure   Level  Hunger
a - Repel Missiles        Chrm/Air       ###...       10%         2    ###....


Dungeon Overview and Level Annotations

Branches:
Dungeon (15/15)            Temple (1/1) D:6             Orc (4/4) D:11
    Elf (0/3) Orc:3          Lair (8/8) D:11         Shoals (4/5) Lair:3
  Snake (0/5) Lair:4        Slime (0/6) Lair:7       Vaults (0/5) D:14
 Depths (0/5) D:15

Altars:
Ashenzari
Cheibriados
Dithmenos
Elyvilon
Fedhas
Kikubaaqudgha
Makhleb
Nemelex Xobeh
Okawaru
Qazlal
Sif Muna
Trog
Vehumet
Xom
Yredelemnul
Zin
The Shining One
Beogh

Shops:
D:5 ?   D:7 =   Orc:4 [=[[

Annotations:
Lair:1 exclusion: 2 oklob plants


Innate Abilities, Weirdness & Mutations

You can fly continuously.
You have a beak for a mouth.
You have claws for feet.
You have sharp fingernails.


Message History

Drink which item? (? for menu, Esc to quit)
You feel better.
The merfolk impaler hits you but does no damage.
The merfolk misses you. x2
The merfolk impaler completely misses you.
Unknown command.
Drink which item? (? for menu, Esc to quit)
You feel better. The merfolk impaler barely misses you.
The merfolk hits you but does no damage.
The merfolk misses you.
Unknown command.
Drink which item? (? for menu, Esc to quit)
You feel better.
The merfolk impaler hits you from afar with a trident!
* * * LOW HITPOINT WARNING * * *
The water nymph touches you. The water nymph drowns you!
* * * LOW HITPOINT WARNING * * *
The merfolk misses you. The merfolk impaler misses you.
The merfolk hits you with a glowing halberd!
You die...

≈≈≈ ≈≈≈≈≈≈≈≈≈
≈≈≈≈≈≈≈≈≈≈≈
≈≈≈≈≈≈≈≈≈≈≈≈≈
≈≈≈≈≈≈≈≈≈≈≈≈≈≈≈
≈≈≈≈≈≈P≈≈P≈≈≈≈≈
....P≈≈≈P≈≈≈≈≈≈
#..≈P≈Pm≈≈≈≈≈#
#..≈m@mHm≈≈≈≈#
##(≈###m≈≈≈≈≈#
#≈≈ ≈≈≈≈≈ #≈
≈≈≈≈ .≈ ≈≈≈ ≈ ≈
≈ ≈≈


You could see a merfolk impaler, a griffon, 3 merfolk and a water nymph.

Vanquished Creatures
  An acid blob (Lair:7)
  Donald (Orc:3)
  A frost giant (IceCv)
  An orc warlord (Orc:3)
  Gastronok (Lair:2)
  An ettin (D:15)
  3 vault guards (D:14)
  A fire dragon (Lair:8)
  A merfolk impaler (Shoals:1)
  12 hydras
  3 ogre magi
  The ghost of ciphuk the Destroyer, a powerful DECj of Vehumet (IceCv)
  Nessos (D:15)
  Erica (Orc:3)
  A centaur warrior (D:15)
  4 death yaks
  A catoblepas (Lair:8)
  An orc high priest (Orc:3)
  2 wizards (D:14)
  A deep elf knight (D:14)
  2 unseen horrors (D:15)
  An ice statue (IceCv)
  3 deep trolls
  2 necromancers (D:14)
  Pikel (D:7)
  10 hill giants
  2 wolf spiders (Lair:8)
  4 griffons
  5 orc knights
  7 fauns
  An orc sorcerer (Orc:3)
  17 ugly things
  2 mermaids
  A red wasp (Lair:8)
  3 manticores
  4 cyclopes
  A guardian serpent (Lair:8)
  11 elephants
  Joseph (D:7)
  A queen ant (Lair:3)
  2 gargoyles
  10 black mambas
  An efreet (D:14)
  A torpor snail (Lair:2)
  14 spiny frogs
  An item mimic (Orc:3)
  A kobold demonologist (D:15)
  3 tengu conjurers
  5 fire drakes
  A deep elf priest (D:15)
  2 yaktaurs
  A freezing wraith (D:14)
  Grinder (D:5)
  4 wandering mushrooms (Lair:1)
  10 komodo dragons
  5 merfolk
  12 trolls
  Sonja (D:15)
  17 polar bears
  7 two-headed ogres
  14 blink frogs
  7 ravens (D:13)
  2 hydra skeletons
  A raiju (shapeshifter) (D:15)
  10 slime creatures
  2 snapping turtles
  3 wyverns
  3 basilisks
  3 water elementals
  A hill giant zombie (D:13)
  4 steam dragons (Lair:8)
  Eustachio (D:9)
  A spriggan (shapeshifter) (D:15)
  5 vampire mosquitoes
  66 yaks
  7 deep elf magi
  A wraith (D:10)
  10 hippogriffs
  17 humans (D:14)
  23 wolves
  6 soldier ants (Lair:3)
  Edmund (D:6)
  6 nagas (Lair:4)
  3 wargs
  14 porcupines
  The ghost of Vidiiot the Sneak, an average FeAr (D:5)
  9 human zombies (D:14)
  3 hungry ghosts
  20 water moccasins
  An ogre skeleton (D:13)
  A water moccasin (shapeshifter) (D:9)
  4 spiders
  A human skeleton (D:13)
  4 swamp drakes
  3 yellow wasps (Lair:8)
  A mottled dragon (D:11)
  29 orc warriors
  4 sky beasts
  2 black bears
  3 boggarts (D:14)
  31 ogres
  4 slaves (D:7)
  4 phantoms
  2 ice beasts (IceCv)
  A boring beetle (Lair:8)
  8 centaurs
  The ghost of Tolias the Scratcher, an average FeAr (D:4)
  16 crocodiles
  2 big kobolds
  Blork the orc (D:7)
  23 giant frogs
  12 wights
  2 cyclops skeletons
  6 scorpions
  10 killer bees
  2 troll skeletons
  2 bog bodies (Ossuary)
  8 crimson imps
  6 electric eels
  4 goliath beetles
  3 centaur zombies (Ossuary)
  4 giant frog zombies
  14 hounds
  4 jellies
  A quasit (D:14)
  A giant frog skeleton (D:5)
  Crazy Yiuf (D:6)
  10 iguanas
  17 orc priests
  An elf skeleton (D:8)
  A centaur skeleton (D:4)
  31 orc wizards
  38 worker ants
  9 orange rats (Lair:3)
  3 sheep (D:15)
  An ogre zombie (Ossuary)
  Ijyb (D:4)
  A necrophage zombie (Ossuary)
  2 hound zombies (Ossuary)
  Terence (D:3)
  12 mummies (Ossuary)
  2 scorpion zombies (Ossuary)
  68 green rats
  6 shadow imps
  35 adders
  2 giant mites
  12 white imps (Lair:2)
  An ufetubus (D:9)
  3 worms
  3 orc zombies
  An iguana skeleton (D:10)
  6 giant geckos
  5 oozes
  135 orcs
  3 bat zombies
  16 hobgoblins
  9 jackals
  27 kobolds
  9 quokkas
  A ball python zombie (Ossuary)
  12 bats
  2 giant cockroaches
  4 giant cockroach zombies
  3 giant newts
  A giant spore (D:12)
  15 goblins
  2 orc skeletons
  2 quokka zombies
  33 rats
  4 rat zombies
  6 ballistomycetes (D:12)
  2 fungi
  2 plants
  A tentacle (Shoals:4)
1248 creatures vanquished.

Vanquished Creatures (collateral kills)
  A komodo dragon (Lair:3)
  A basilisk (D:11)
  A yak (D:11)
  An adder (Lair:3)
  2 green rats
6 creatures vanquished.

Vanquished Creatures (others)
  A hill giant (Orc:4)
  A raven (D:14)
  A killer bee (D:14)
  6 orcs
  2 giant spores
  7 fungi
  7 plants
  8 tentacles (Shoals:4)
  190 tentacle segments (Shoals:4)
223 creatures vanquished.

Grand Total: 1477 creatures vanquished

Notes
Turn   | Place    | Note
--------------------------------------------------------------
     0 | D:1      | MDvedh, the Tengu Gladiator, began the quest for the Orb.
     0 | D:1      | Reached XP level 1. HP: 12/12 MP: 1/1
   168 | D:1      | Reached XP level 2. HP: 8/17 MP: 3/3
   462 | D:1      | Reached skill level 4 in Staves
  1039 | D:2      | Reached XP level 3. HP: 12/21 MP: 4/4
  1474 | D:2      | Reached skill level 5 in Staves
  1552 | D:2      | Reached XP level 4. HP: 18/26 MP: 5/5
  2002 | D:3      | Found a sparkling altar of Nemelex Xobeh.
  2504 | D:3      | Noticed Terence
  2517 | D:3      | Killed Terence
  2828 | D:4      | Noticed Ijyb
  2838 | D:4      | Noticed Tolias' ghost (average FeAr)
  2842 | D:4      | Killed Ijyb
  2842 | D:4      | Reached skill level 6 in Staves
  2842 | D:4      | Reached XP level 5. HP: 26/30 MP: 7/7
  2854 | D:4      | Killed Tolias' ghost
  3247 | D:4      | Reached skill level 7 in Staves
  3247 | D:4      | Reached XP level 6. HP: 13/35 MP: 8/8
  3727 | D:4      | Reached skill level 8 in Staves
  4278 | D:4      | Found a shimmering altar of Xom.
  4278 | D:4      | Found a basalt altar of Yredelemnul.
  4565 | D:4      | Found a radiant altar of Vehumet.
  4624 | D:5      | Entered Level 5 of the Dungeon
  4652 | D:5      | Found an ancient bone altar of Kikubaaqudgha.
  4715 | D:5      | Noticed Vidiiot's ghost (average FeAr)
  4739 | D:5      | Killed Vidiiot's ghost
  4739 | D:5      | Reached XP level 7. HP: 21/40 MP: 9/9
  4935 | D:5      | Got a fine platinum ring
  4986 | D:5      | Reached skill level 9 in Staves
  5362 | D:5      | Noticed Grinder
  5379 | D:5      | HP: 2/40 [something (9)]
  5380 | D:5      | Killed Grinder
  5380 | D:5      | Reached skill level 10 in Staves
  5380 | D:5      | Reached XP level 8. HP: 2/44 MP: 11/11
  5849 | D:5      | Found Phaniarph's Magic Scroll Shop.
  5861 | D:5      | Bought a scroll of remove curse for 30 gold pieces
  5861 | D:5      | Bought a scroll of torment for 75 gold pieces
  5863 | D:5      | Identified the ring "Dixevekk" {Dex+2 Int+3 Regen} (You found it on level 5 of the Dungeon)
  6195 | D:6      | Reached skill level 11 in Staves
  6446 | D:6      | Noticed Edmund
  6455 | D:6      | Killed Edmund
  6758 | D:6      | Reached skill level 12 in Staves
  6807 | D:6      | Reached XP level 9. HP: 48/48 MP: 12/12
  7057 | D:5      | Bought a scroll of remove curse for 30 gold pieces
  7057 | D:5      | Bought a scroll of identify for 20 gold pieces
  7346 | D:6      | Found a staircase to the Ecumenical Temple.
  7443 | Temple   | Entered the Ecumenical Temple
  7537 | Temple   | Became a worshipper of Warmaster Okawaru
  7783 | D:6      | Noticed Crazy Yiuf
  7792 | D:6      | Killed Crazy Yiuf
  7881 | D:7      | Noticed Blork the orc
  7884 | D:7      | Killed Blork the orc
  7944 | D:7      | Reached skill level 13 in Staves
  8117 | D:7      | Acquired Okawaru's first power
  8170 | D:7      | Found a blossoming altar of Fedhas.
  8373 | D:7      | Found Jomm's Jewellery Shop.
  8378 | D:7      | Bought a cursed -5 ring of intelligence for 22 gold pieces
  8445 | D:7      | Reached skill level 14 in Staves
  8496 | D:7      | Noticed Joseph
  8509 | D:7      | Killed Joseph
  8541 | D:7      | Found a sand-covered staircase.
  8573 | D:7      | Reached XP level 10. HP: 43/53 MP: 13/13
  8603 | Ossuary  | Entered an ossuary
  8620 | Ossuary  | Reached skill level 5 in Dodging
  8860 | D:7      | Noticed Pikel
  8893 | D:7      | Killed Pikel
  8893 | D:7      | Reached skill level 5 in Armour
 10284 | D:9      | Noticed Eustachio
 10293 | D:9      | Killed Eustachio
 10409 | D:9      | Found a shattered altar of Ashenzari.
 10418 | D:9      | Found a blossoming altar of Fedhas.
 10419 | D:9      | Found a glowing golden altar of the Shining One.
 10886 | D:9      | Reached XP level 11. HP: 57/57 MP: 15/15
 10934 | D:10     | Entered Level 10 of the Dungeon
 11028 | D:10     | Acquired Okawaru's second power
 11106 | D:10     | Noticed a hill giant
 11112 | D:10     | Killed a hill giant
 11195 | D:10     | Noticed a hill giant
 11213 | D:10     | Killed a hill giant
 11233 | D:10     | Received a gift from Okawaru
 11637 | D:10     | Reached skill level 1 in Invocations
 12011 | D:11     | Reached skill level 5 in Fighting
 12020 | D:11     | Found a staircase to the Lair.
 12404 | D:11     | Found a staircase to the Orcish Mines.
 12620 | D:11     | Reached XP level 12. HP: 69/69 MP: 22/22
 12789 | D:11     | Reached skill level 5 in Invocations
 13133 | Lair:1   | Entered Level 1 of the Lair of Beasts
 13144 | Lair:1   | Received a gift from Okawaru
 13752 | Lair:1   | Learned a level 2 spell: Repel Missiles
 13779 | Lair:1   | Gained mutation: You have sharp fingernails. [potion of beneficial mutation]
 14010 | Lair:1   | Noticed a five-headed hydra
 14017 | Lair:1   | Killed a five-headed hydra
 14638 | Lair:2   | Noticed Gastronok
 14669 | Lair:2   | Killed Gastronok
 14669 | Lair:2   | Received a gift from Okawaru
 14681 | Lair:2   | Got a faintly glowing ring mail {god gift}
 14792 | Lair:2   | Identified the +0 ring mail "Dathraod" {Str+4 Int+2} (Okawaru gifted it to you on level 2 of the Lair of Beasts)
 14879 | Lair:2   | Found a frozen archway.
 14894 | IceCv    | Entered an ice cave
 15044 | IceCv    | Noticed ciphuk's ghost (powerful DECj)
 15074 | IceCv    | Reached XP level 13. HP: 71/80 MP: 21/26
 15097 | IceCv    | Killed ciphuk's ghost
 15362 | IceCv    | Reached skill level 10 in Fighting
 15398 | IceCv    | Received a gift from Okawaru
 15441 | IceCv    | Reached skill level 10 in Dodging
 15506 | IceCv    | Noticed a death yak
 15506 | IceCv    | Noticed a frost giant
 15529 | IceCv    | Killed a death yak
 15556 | IceCv    | Killed a frost giant
 15556 | IceCv    | Reached skill level 10 in Armour
 15820 | Lair:2   | Received a gift from Okawaru
 16122 | Lair:2   | Noticed a seven-headed hydra
 16129 | Lair:2   | Killed an eight-headed hydra
 16167 | Lair:2   | Received a gift from Okawaru
 16909 | Lair:3   | Found a staircase to the Shoals.
 17567 | Lair:3   | Reached XP level 14. HP: 86/90 MP: 28/28
 18325 | Lair:4   | Received a gift from Okawaru
 18330 | Lair:4   | Got an ancient quarterstaff {god gift}
 18331 | Lair:4   | Identified the +6 quarterstaff of the Middle {crush, rF++ Int+2 Stlth-} (Okawaru gifted it to you on level 4 of the Lair of Beasts)
 18474 | Lair:4   | Found a staircase to the Snake Pit.
 19643 | Lair:5   | Reached skill level 1 in Air Magic
 19649 | Lair:5   | Reached skill level 1 in Evocations
 20024 | Lair:6   | Got a glittering glass ring
 20026 | Lair:6   | Identified the ring "Prenunt" {Ice Dex+4 Int+1} (You found it on level 6 of the Lair of Beasts)
 20320 | Lair:6   | Received a gift from Okawaru
 20424 | Lair:6   | Reached skill level 5 in Air Magic
 20516 | Lair:7   | Found a staircase to the Slime Pits.
 20519 | Lair:7   | Noticed an acid blob
 20528 | Lair:7   | Killed an acid blob
 20528 | Lair:7   | Reached skill level 5 in Evocations
 21082 | Lair:7   | Received a gift from Okawaru
 21546 | Lair:8   | Entered Level 8 of the Lair of Beasts
 21554 | Lair:8   | Reached XP level 15. HP: 88/96 MP: 28/28
 21792 | Lair:8   | Paralysed by a red wasp for 2 turns
 21947 | Lair:8   | Found a shattered altar of Ashenzari.
 22032 | Lair:8   | Received a gift from Okawaru
 22446 | Lair:8   | Received a gift from Okawaru
 22480 | Lair:8   | Reached skill level 10 in Air Magic
 23055 | Orc:1    | Entered Level 1 of the Orcish Mines
 23208 | Orc:1    | Received a gift from Okawaru
 23211 | Orc:1    | Got an ichor-stained cloak {god gift}
 23222 | Orc:1    | Identified the -3 cloak "Fot Iqut" {Int+4} (Okawaru gifted it to you on level 1 of the Orcish Mines)
 23838 | Orc:3    | Noticed Erica
 23860 | Orc:3    | Killed Erica
 23936 | Orc:3    | Found a staircase to the Elven Halls.
 24346 | Orc:3    | Noticed Donald
 24367 | Orc:3    | Killed Donald
 24890 | Orc:3    | Found a roughly hewn altar of Beogh.
 25055 | Orc:4    | Entered Level 4 of the Orcish Mines
 25327 | Orc:4    | Found Wibenot's Armour Emporium.
 25385 | Orc:4    | Found Gheihe's Antique Armour Shop.
 25444 | Orc:4    | Found Dothrafur's Armour Shoppe.
 25464 | Orc:4    | Found Backinibb's Jewellery Shoppe.
 25486 | Orc:4    | Reached XP level 16. HP: 92/101 MP: 30/30
 25498 | Orc:4    | Bought a +4 ring mail of poison resistance for 336 gold pieces
 25531 | Orc:4    | Bought a transparent ring mail for 234 gold pieces
 25542 | Orc:4    | Identified the cursed -6 ring mail of the Boiling Point {rC++ MR++} (You bought it in a shop on level 4 of the Orcish Mines)
 25604 | Orc:4    | Bought a +1 cloak for 149 gold pieces
 25653 | Orc:4    | Bought the amulet of Wurchafa {Faith rC++ MR+ SInv} for 1040 gold pieces
 27286 | D:13     | Received a gift from Okawaru
 28141 | D:14     | Received a gift from Okawaru
 28144 | D:14     | Got a faintly humming hat {god gift}
 28155 | D:14     | Identified the +2 hat of Mirth {Dex+3 Int+3} (Okawaru gifted it to you on level 14 of the Dungeon)
 28395 | D:14     | Found a gate to the Vaults.
 28585 | D:14     | Found a glowing golden altar of the Shining One.
 28667 | D:15     | Entered Level 15 of the Dungeon
 28730 | D:15     | Noticed Sonja
 28740 | D:15     | Killed Sonja
 28820 | D:15     | Found a staircase to the Depths.
 28996 | D:15     | Received a gift from Okawaru
 29027 | D:15     | Noticed Nessos
 29050 | D:15     | Killed Nessos
 29067 | D:15     | Reached skill level 15 in Dodging
 29083 | D:15     | Reached XP level 17. HP: 96/106 MP: 31/31
 29640 | Shoals:1 | Entered Level 1 of the Shoals
 29804 | Shoals:2 | Reached skill level 15 in Armour
 30040 | Shoals:4 | HP: 2/106 [tentacle[a kraken] (4)]
 30045 | Shoals:3 | HP: 5/106 [merfolk/spear (3)]
 30048 | Shoals:3 | Slain by a merfolk

Action                   |  1- 3 |  4- 6 |  7- 9 | 10-12 | 13-15 | 16-18 || total
-------------------------+-------+-------+-------+-------+-------+-------++-------
Melee: Quarterstaff      |    85 |   163 |   291 |   733 |   172 |       ||  1444
       Lajatang          |       |       |       |       |  1208 |   698 ||  1906
 Cast: Repel Missiles    |       |       |       |       |     1 |       ||     1
Invok: Heroism           |       |       |       |     5 |    18 |    11 ||    34
       Finesse           |       |       |       |     1 |     5 |       ||     6
 Abil: Fly               |       |       |       |       |     1 |     1 ||     2
       Stop Flying       |       |       |       |       |     1 |       ||     1
Evoke: Wand              |       |       |     2 |     8 |     6 |     2 ||    18
       Lamp of fire      |       |       |       |     1 |     1 |       ||     2
  Use: Scroll            |     3 |     9 |     5 |    15 |     6 |    10 ||    48
       Potion            |     2 |     3 |     1 |     6 |     4 |     7 ||    23
 Stab: Petrified         |       |       |     3 |       |       |       ||     3
       Confused          |       |       |     2 |     3 |       |       ||     5
       Petrifying        |       |       |     2 |     2 |       |       ||     4
       Distracted        |       |       |     1 |       |     2 |       ||     3
       Paralysed         |       |       |       |    10 |       |     2 ||    12
       Sleeping          |       |       |       |     2 |     1 |     1 ||     4
       Fleeing           |       |       |       |       |     1 |       ||     1
  Eat: Chunk             |     2 |     6 |     5 |    11 |    14 |     8 ||    46
       Bread ration      |       |     1 |     2 |     2 |     7 |     3 ||    15
       Meat ration       |       |       |       |     1 |       |     1 ||     2
